 Dungeon Crawl Stone Soup version 0.19.5 (webtiles) character file.

13891 Monsterracer the Destroyer (level 11, -7/72 HPs)
             Began as a High Elf Conjurer on Aug 29, 2017.
             Was an Elder of Vehumet.
             Mangled by a catoblepas (12 damage)
             ... on level 1 of the Lair of Beasts.
             The game lasted 00:44:06 (15050 turns).

Monsterracer the Destroyer (High Elf Conjurer)     Turns: 15050, Time: 00:44:07

Health: -7/72      AC: 11    Str:  7    XL:     11   Next: 81%
Magic:  3/22       EV:  2    Int: 27    God:    Vehumet [****..]
Gold:   843        SH:  0    Dex: 21    Spells: 9 memorised, 2 levels left

rFire  . . .     SeeInvis .     b - +4 scimitar
rCold  + + .     Gourm    .     z - +1 leather armour {rF+}
rNeg   + + +     Faith    .     (no shield)
rPois  ∞         Spirit   .     (helmet restricted)
rElec  +         Reflect  .     x - +1 cloak of Beyond {rElec Int+5 Dex+4}
rCorr  .         Harm     .     u - +1 pair of gloves
MR     +....     Rnd*Tele +     w - +2 pair of boots
Stlth  ++........               J - amulet of regeneration
                                t - ring of wizardry
                                l - ring of ice

@: petrified, repel missiles
A: hooves 1, horns 2, yellow scales 1, cold resistance 1, deformed body, low mp
1, regeneration 1, teleportitis 1
a: Renounce Religion


You were on level 1 of the Lair of Beasts.
You worshipped Vehumet.
Vehumet was greatly pleased with you.
You were not hungry.

You visited 3 branches of the dungeon, and saw 14 of its levels.
You also visited: Bailey.

You collected 843 gold pieces.

Inventory:

Hand Weapons
 b - a +4 scimitar (weapon)
Armour
 e - a +1 cloak of poison resistance
 q - a +0 robe of magic resistance
 u - a +1 pair of gloves (worn)
 w - a +2 pair of boots (worn)
 x - the +1 cloak of Beyond (worn) {rElec Int+5 Dex+4}
   (You found it on level 5 of the Dungeon)

   It affects your intelligence (+5).
   It affects your dexterity (+4).
   It insulates you from electricity.
 z - a +1 leather armour of fire resistance (worn)
 G - a +0 pair of gloves of strength
Magical Staves
 a - an uncursed staff of energy
Jewellery
 l - a ring of ice (left hand)
 t - a ring of wizardry (right hand)
 B - an uncursed ring of resist corrosion
 J - an amulet of regeneration (around neck)
Wands
 A - a wand of iceblast (8/15)
 D - a wand of lightning (4/15)
 E - a wand of acid (3/15)
 H - a wand of lightning (12/15)
Scrolls
 d - 7 scrolls of identify
 s - 3 scrolls of teleportation
 v - 2 scrolls of enchant weapon
 F - 4 scrolls of remove curse
 I - 2 scrolls of amnesia
Potions
 f - a potion of cancellation
 h - 4 potions of curing
 k - 2 potions of heal wounds
 m - a potion of ambrosia
 n - 3 potions of might
 o - 4 potions of flight
 p - a potion of brilliance
Books
 y - a book of Cantrips

   Spells                             Type                      Level
   a - Confusing Touch                Hexes                        1
   b - Animate Skeleton               Necromancy                   1
   c - Summon Small Mammal            Summoning                    1
   d - Apportation                    Translocation                1
Comestibles
 c - 10 bread rations
 g - 4 chunks of flesh
 i - 5 meat rations
 j - 3 beef jerkies
 r - 11 royal jellies
 C - 5 fruits


   Skills:
 + Level 5.7 Fighting
 + Level 4.8 Long Blades
 + Level 7.1 Dodging
 - Level 2.1 Stealth
 + Level 9.1 Spellcasting
 * Level 12.8 Conjurations
 - Level 9.3 Charms
 - Level 5.0 Ice Magic
 - Level 1.2 Air Magic


You had 2 spell levels left.
You knew the following spells:

 Your Spells              Type           Power        Failure   Level  Hunger
a - Magic Dart            Conj           ####         1%          1    None
b - Searing Ray           Conj           ######       1%          2    None
c - Iskenderun's Mystic   Conj           ######..     1%          4    #......
d - Iskenderun's Battles  Conj/Chrm      ######..     1%          5    ####...
e - Blink                 Tloc           N/A          4%          2    None
f - Ozocubu's Armour      Chrm/Ice       ######..     1%          3    None
g - Conjure Flame         Conj/Fire      #####...     1%          3    None
h - Throw Icicle          Conj/Ice       ######..     1%          4    #......
z - Repel Missiles        Chrm/Air       #####.       1%          2    None


Dungeon Overview and Level Annotations

Branches:
Dungeon (11/15)            Temple (1/1) D:4            Lair (2/6) D:9
  Swamp: Lair:2-4    Shoals: Lair:2-4     Snake: Lair:2-4    Spider: Lair:2-4
    Orc: D:9-12

Altars:
Ashenzari
Cheibriados
Dithmenos
Elyvilon
Fedhas
Gozag
Hepliaklqana
Kikubaaqudgha
Makhleb
Nemelex Xobeh
Okawaru
Qazlal
Ru
Sif Muna
Trog
Uskayaw
Vehumet
Xom
Yredelemnul
Zin
The Shining One
Jiyva


Innate Abilities, Weirdness & Mutations

You have large cloven feet.
You have a pair of horns on your head.
You are partially covered in yellow scales. (AC +2)
Your flesh is cold resistant. (rC+)
Armour fits poorly on your strangely shaped body.
Your magical capacity is low. (-10% MP)
Your natural rate of healing is unusually fast.
You are occasionally teleported next to monsters.


Message History

The catoblepas is almost dead.
This wand has 3 charges left.
You are engulfed in calcifying dust.
Your limbs have turned to stone.
You have turned to stone.
The catoblepas breathes a plume of calcifying dust at you.
The blast of calcifying dust hits you!
You are engulfed in calcifying dust.
The catoblepas breathes a plume of calcifying dust at you.
The blast of calcifying dust hits you!
* * * LOW HITPOINT WARNING * * *
You are engulfed in calcifying dust.
The catoblepas gores you!!
* * * LOW HITPOINT WARNING * * *
You are engulfed in calcifying dust.
The catoblepas gores you!!
* * * LOW HITPOINT WARNING * * *
You are engulfed in calcifying dust.
The catoblepas gores you!
* * * LOW HITPOINT WARNING * * *
You are engulfed in calcifying dust.
The catoblepas breathes a plume of calcifying dust at you.
The blast of calcifying dust hits you! The catoblepas gores you!!
You die...

#..............
#..............
##.............
###..............
#.............P.. #####
##............#.. #..P#
##.#..........###.
##...####.##...........###
###.....#.Y@#...........##
#
#..........##..........##
#..........##........P##
##.....>..########..###
##.....#### #### #......#
#.....## #######


You could see a catoblepas.

Vanquished Creatures
  A hell knight (D:10)
  The ghost of tidbits the Archer, a novice HEWn of Makhleb (D:10)
  A hill giant (D:10)
  A black mamba (Lair:1)
  Joseph (D:7)
  A centaur skeleton (D:10)
  2 komodo dragons
  2 spiny frogs (Lair:1)
  A troll (D:10)
  3 hippogriffs
  A wraith (D:10)
  18 yaks
  Eustachio (D:5)
  A basilisk (Lair:2)
  A steam dragon (D:9)
  4 water moccasins
  3 hell hounds (D:10)
  3 porcupines (Lair:1)
  2 black bears
  An orc warrior (D:8)
  3 ice beasts
  2 sky beasts
  3 centaurs
  A phantom (D:9)
  5 ogres
  A necrophage (D:8)
  5 crocodiles
  A big kobold (D:6)
  8 bullfrogs
  4 scorpions
  12 wights
  4 crimson imps
  A bullfrog zombie (D:9)
  2 centaur zombies
  8 hounds
  7 jellies
  A bullfrog skeleton (D:4)
  11 orc priests
  11 orc wizards
  Crazy Yiuf (D:7)
  4 iguanas
  2 worker ants
  2 killer bee zombies
  A hound zombie (D:5)
  2 worker ant zombies
  6 gnolls
  A howler monkey skeleton (D:8)
  11 adders
  2 shadow imps (D:5)
  5 oozes (D:8)
  4 adder skeletons
  3 worms
  2 dart slugs (D:1)
  2 leopard geckos
  38 orcs
  4 giant cockroaches
  11 goblins
  8 hobgoblins
  5 jackals
  16 kobolds
  5 quokkas
  11 bats
  8 frilled lizards
  A jackal skeleton (D:8)
  A leopard gecko skeleton (D:6)
  A quokka zombie (D:9)
  6 rats
302 creatures vanquished.

Vanquished Creatures (others)
  A fungus (Lair:2)
1 creature vanquished.

Grand Total: 303 creatures vanquished

Notes
Turn   | Place    | Note
-------+----------+-------------------------------------------
     0 | D:1      | Monsterracer the High Elf Conjurer began the quest for the Orb.
     0 | D:1      | Reached XP level 1. HP: 11/11 MP: 4/4
   157 | D:1      | Reached XP level 2. HP: 17/17 MP: 0/6
   444 | D:1      | Reached skill level 5 in Conjurations
   617 | D:1      | Learned a level 2 spell: Searing Ray
   903 | D:1      | Reached XP level 3. HP: 21/21 MP: 4/8
  1643 | D:2      | Found an opulent altar of Gozag.
  1668 | D:2      | Found a deep blue altar of Sif Muna.
  1678 | D:2      | Found a stormy altar of Qazlal.
  1679 | D:2      | Found a basalt altar of Yredelemnul.
  1732 | D:2      | Reached XP level 4. HP: 27/27 MP: 7/9
  2567 | D:3      | Reached skill level 6 in Conjurations
  3048 | D:3      | Reached XP level 5. HP: 31/31 MP: 1/11
  3062 | D:3      | Learned a level 5 spell: Iskenderun's Battlesphere
  3577 | D:4      | Found a staircase to the Ecumenical Temple.
  3586 | Temple   | Entered the Ecumenical Temple
  3658 | Temple   | Became a worshipper of Vehumet
  3805 | D:4      | Reached skill level 1 in Charms
  3872 | D:4      | Found a white marble altar of Elyvilon.
  4348 | D:4      | Learned a level 4 spell: Iskenderun's Mystic Blast
  4640 | D:4      | Reached XP level 6. HP: 36/36 MP: 2/13
  4944 | D:5      | Entered Level 5 of the Dungeon
  5020 | D:5      | Reached skill level 7 in Conjurations
  5021 | D:5      | Noticed Eustachio
  5162 | D:5      | Killed Eustachio
  5162 | D:5      | Reached XP level 7. HP: 22/41 MP: 5/14
  5267 | D:5      | Noticed a hippogriff
  5276 | D:5      | Killed a hippogriff
  5279 | D:5      | Got a twisted cloak
  5290 | D:5      | Identified the +1 cloak of Beyond {rElec Int+5 Dex+4} (You found it on level 5 of the Dungeon)
  5627 | D:5      | Reached skill level 5 in Spellcasting
  5627 | D:5      | Reached skill level 5 in Charms
  5800 | D:5      | Learned a level 2 spell: Repel Missiles
  5803 | D:5      | Learned a level 2 spell: Blink
  5854 | D:5      | Reached skill level 8 in Conjurations
  5961 | D:5      | Reached * piety under Vehumet
  5961 | D:5      | Offered knowledge of Flame Tongue by Vehumet.
  6297 | D:5      | Reached XP level 8. HP: 46/46 MP: 11/17
  6446 | D:6      | HP: 17/46 [orc priest/divine providence (13)]
  6450 | D:6      | HP: 7/46 [orc priest/nerve-wracking pain (10)]
  6957 | D:6      | Reached ** piety under Vehumet
  6957 | D:6      | Offered knowledge of Sandblast by Vehumet.
  6979 | D:6      | Reached skill level 9 in Conjurations
  7032 | D:6      | Learned a level 3 spell: Ozocubu's Armour
  7047 | D:6      | Found a shattered altar of Ashenzari.
  7586 | D:6      | Reached skill level 1 in Fighting
  7629 | D:6      | Reached XP level 9. HP: 53/53 MP: 10/19
  7822 | D:6      | Reached skill level 1 in Ice Magic
  7827 | D:6      | Gained mutation: You are partially covered in yellow scales. (AC +2) [mutagenic meat]
  7828 | D:6      | Gained mutation: You have a pair of small horns on your head. [mutagenic meat]
  8284 | D:7      | Found a runed door.
  8373 | D:7      | Noticed Crazy Yiuf
  8377 | D:7      | Killed Crazy Yiuf
  8754 | D:7      | Noticed Joseph
  8774 | D:7      | Killed Joseph
  8774 | D:7      | Reached skill level 10 in Conjurations
  9064 | D:8      | Found an opulent altar of Gozag.
  9792 | D:8      | HP: 23/56 [acid (9)]
  9796 | D:8      | Offered knowledge of Stone Arrow by Vehumet.
 10208 | D:9      | Reached XP level 10. HP: 56/63 MP: 17/21
 10213 | D:9      | Gained mutation: Armour fits poorly on your strangely shaped body. [mutagenic meat]
 10214 | D:9      | Gained mutation: Your magical capacity is low. (-10% MP) [mutagenic meat]
 10214 | D:9      | Gained mutation: You are occasionally teleported next to monsters. [potion of mutation]
 10215 | D:9      | Gained mutation: Your natural rate of healing is unusually fast. [potion of mutation]
 10216 | D:9      | Gained mutation: You have large cloven feet. [potion of mutation]
 10216 | D:9      | Gained mutation: Your flesh is cold resistant. (rC+) [potion of mutation]
 10218 | D:9      | Gained mutation: You have a pair of horns on your head. [mutagenic meat]
 10423 | D:9      | Found a flagged portal.
 10463 | Bailey   | Entered a bailey
 10463 | Bailey   | Noticed an orc knight
 10463 | Bailey   | Noticed Monsterracer's ghost (novice HECj)
 10466 | Bailey   | Noticed Fairytaker's ghost (journeyman DgFi)
 10621 | D:9      | Reached *** piety under Vehumet
 10645 | D:8      | Learned a level 3 spell: Conjure Flame
 10777 | D:9      | Reached skill level 11 in Conjurations
 10984 | D:9      | Reached skill level 5 in Dodging
 11351 | D:9      | Found a viscous altar of Jiyva.
 11460 | D:9      | Found a staircase to the Lair.
 11605 | D:9      | Found a faded altar of an unknown god.
 11605 | D:9      | Found a faded altar of an unknown god.
 11610 | D:9      | Found a shimmering altar of Xom.
 11612 | D:9      | Found a faded altar of an unknown god.
 11613 | D:9      | Found a faded altar of an unknown god.
 11930 | D:10     | Entered Level 10 of the Dungeon
 11936 | D:10     | Offered knowledge of Force Lance by Vehumet.
 11936 | D:10     | Reached skill level 1 in Long Blades
 12098 | D:10     | Noticed tidbits's ghost (novice HEWn)
 12101 | D:10     | Killed tidbits's ghost
 12101 | D:10     | Reached skill level 1 in Air Magic
 12542 | D:10     | Reached XP level 11. HP: 58/70 MP: 9/21
 12802 | D:10     | Learned a level 4 spell: Throw Icicle
 13057 | D:10     | Noticed a hell knight
 13063 | D:10     | Killed a hell knight
 13098 | D:10     | Reached skill level 12 in Conjurations
 13226 | D:10     | Noticed a hill giant
 13234 | D:10     | Killed a hill giant
 13234 | D:10     | Reached skill level 5 in Fighting
 13341 | D:10     | Reached **** piety under Vehumet
 13494 | Lair:1   | Entered Level 1 of the Lair of Beasts
 13647 | Lair:1   | Reached skill level 5 in Ice Magic
 13987 | Lair:1   | Offered knowledge of Ignite Poison by Vehumet.
 14689 | Lair:2   | HP: 28/72 [komodo dragon (14)]
 14989 | Lair:2   | HP: 34/72 [crocodile (15)]
 15004 | Lair:2   | Noticed a catoblepas
 15010 | Lair:2   | HP: 30/72 [catoblepas (24)]
 15025 | Lair:1   | HP: 17/72 [catoblepas (28)]
 15039 | Lair:1   | HP: 28/72 [catoblepas/blast of calcifying dust (4)]
 15045 | Lair:1   | HP: 30/72 [catoblepas/blast of calcifying dust (2)]
 15047 | Lair:1   | HP: 7/72 [catoblepas (11)]
 15048 | Lair:1   | HP: 3/72 [catoblepas (5)]
 15050 | Lair:1   | Mangled by a catoblepas

Skill      XL: |  1  2  3  4  5  6  7  8  9 10 11 |
---------------+----------------------------------+-----
Conjurations   | 5 6 7 8 9 10 11 12 | 12.8
Spellcasting   | 3 4 5 6 7 8 9 |  9.1
Charms         | 2 3 6 7 8 9 |  9.3
Fighting       | 1 3 4 5 |  5.7
Dodging        | 4 5 7 |  7.1
Ice Magic      | 2 4 5 |  5.0
Long Blades    | 2 4 |  4.8
Air Magic      | 1 |  1.2
Stealth        | |  2.1

Action                   |  1- 3 |  4- 6 |  7- 9 | 10-12 || total
-------------------------+-------+-------+-------+-------++-------
Melee: Unarmed           |     4 |       |       |       ||     4
       Short sword       |     4 |     6 |       |       ||    10
       Dagger            |       |     6 |       |       ||     6
       Spear             |       |    11 |       |       ||    11
       Rapier            |       |     8 |   107 |    12 ||   127
       Headbutt          |       |       |    13 |    26 ||    39
       Staff             |       |       |     6 |     5 ||    11
       Long sword        |       |       |       |    11 ||    11
       Kick              |       |       |       |    11 ||    11
       Scimitar          |       |       |       |    79 ||    79
 Cast: Magic Dart        |    68 |    62 |    78 |    53 ||   261
       Searing Ray       |     2 |    20 |    48 |    51 ||   121
       Repel Missiles    |       |       |     2 |       ||     2
       Iskenderun's Batt |       |       |     7 |    21 ||    28
       Ozocubu's Armour  |       |       |     5 |     3 ||     8
       Iskenderun's Myst |       |       |     6 |    17 ||    23
       Conjure Flame     |       |       |       |     9 ||     9
       Throw Icicle      |       |       |       |     6 ||     6
       Blink             |       |       |       |     1 ||     1
Evoke: Wand              |       |       |       |     3 ||     3
  Use: Scroll            |       |     9 |     8 |     4 ||    21
       Potion            |       |       |       |     6 ||     6
 Stab: Sleeping          |       |     2 |     6 |       ||     8
       Distracted        |       |       |     1 |       ||     1
  Eat: Chunk             |     3 |     9 |    19 |    21 ||    52
       Fruit             |       |       |     1 |     2 ||     3
Armor: Robe              |     2 |       |       |       ||     2
       Leather armour    |       |    24 |    65 |    44 ||   133
Dodge: Dodged            |     8 |    53 |   146 |   155 ||   362
       Deflected         |       |       |     3 |     1 ||     4
       Rpst.: Scimitar   |       |       |       |    36 ||    36
       Long sword        |       |       |       |     3 ||     3
